[ AOE2 MATCH · #507129834 ]
UnrankedFranks vs Sicilians
Player's team · WIN
Rival team · LOSS
[ REPLAY ANALYSIS · EXTRACTED FROM THE RECORDED GAME ]
Feudal
9:56
Castle
23:37
Imperial
47:21
| APM avg | 36.9 |
| APM peak | 74 |
| eAPM avg | 18.6 |
| Villagers / military | 132 / 87 |
Focus
⚔️ 28.7% · 🌾 71.3%
Knight ×35 · Throwing Axeman ×27 · Battering Ram ×9 · Scout Cavalry ×8 · Archer ×3 · Trebuchet (Packed) ×3
Feudal
10:20
Castle
22:19
Imperial
46:17
| APM avg | 25.4 |
| APM peak | 59 |
| eAPM avg | 15.8 |
| Villagers / military | 144 / 77 |
Focus
⚔️ 21.3% · 🌾 78.7%
Spearman ×57 · Monk ×10 · Mangonel ×4 · Serjeant ×4 · Knight ×2
Match map
Initial resources + every placement click. Lines = walls · curves = elevation contours. ◆ gold · ⬟ stone · ● berries · ✦ relic · ◌ wall gap
Your base· Open — 6t gap
drmmayans's base· Open — unwalled flank
Smoothed initial terrain · ◌ = detected wall gap · hover for details
Inputs per minute
— MrSaten - - drmmayans
Build order — MrSaten
First 150 of 389 actions detected
| 0:00 | Queue | Villager (Male) |
| 0:01 | Queue | Villager (Male) |
| 0:01 | Queue | Villager (Male) |
| 0:01 | Queue | Villager (Male) |
| 0:02 | Queue | Villager (Male) |
| 0:02 | Build | House |
| 0:04 | Build | House |
| 1:33 | Queue | Villager (Male) |
| 1:49 | Build | Lumber Camp |
| 2:10 | Queue | Villager (Male) |
| 2:27 | Queue | Villager (Male) |
| 2:58 | Queue | Villager (Male) |
| 3:22 | Queue | Villager (Male) |
| 3:40 | Build | House |
| 3:58 | Build | Mill |
| 4:07 | Queue | Villager (Male) |
| 4:08 | Queue | Villager (Male) |
| 4:08 | Queue | Villager (Male) |
| 4:42 | Queue | Villager (Male) |
| 5:23 | Queue | Villager (Male) |
| 5:42 | Queue | Villager (Male) |
| 6:28 | Build | House |
| 6:31 | Queue | Villager (Male) |
| 6:34 | Queue | Villager (Male) |
| 7:01 | Research | Loom |
| 7:07 | Build | Palisade Wall |
| 7:38 | Research | Feudal Age |
| 7:45 | Build | House |
| 8:00 | Build | Barracks |
| 8:03 | Build | Palisade Wall |
| 8:26 | Build | Farm |
| 8:34 | Build | Farm |
| 8:39 | Queue | Villager (Male) |
| 9:56 | Age | Feudal Age |
| 10:06 | Build | Stable |
| 10:28 | Research | Double-Bit Axe |
| 10:37 | Queue | Villager (Male) |
| 10:38 | Queue | Villager (Male) |
| 10:48 | Queue | Scout Cavalry |
| 10:48 | Queue | Scout Cavalry |
| 11:00 | Build | Farm |
| 11:05 | Queue | Villager (Male) |
| 11:15 | Build | Farm |
| 11:23 | Queue | Scout Cavalry |
| 11:36 | Build | House |
| 11:41 | Build | Palisade Wall |
| 11:46 | Build | Farm |
| 11:47 | Queue | Scout Cavalry |
| 12:01 | Build | Watch Tower |
| 12:30 | Build | House |
| 12:50 | Build | Lumber Camp |
| 13:00 | Queue | Scout Cavalry |
| 13:09 | Build | Palisade Wall |
| 13:19 | Queue | Villager (Male) |
| 13:19 | Queue | Villager (Male) |
| 13:27 | Build | Farm |
| 13:30 | Queue | Scout Cavalry |
| 14:00 | Build | Farm |
| 14:02 | Build | Farm |
| 14:06 | Build | Farm |
| 14:09 | Build | Farm |
| 14:12 | Build | Farm |
| 14:39 | Build | Farm |
| 14:41 | Queue | Villager (Male) |
| 14:41 | Queue | Villager (Male) |
| 14:45 | Queue | Scout Cavalry |
| 14:45 | Queue | Scout Cavalry |
| 14:52 | Build | Archery Range |
| 15:14 | Queue | Villager (Male) |
| 15:17 | Build | Farm |
| 15:21 | Build | Mining Camp |
| 15:30 | Build | House |
| 15:31 | Build | Palisade Wall |
| 15:34 | Build | Palisade Wall |
| 16:01 | Queue | Archer |
| 16:27 | Build | Farm |
| 16:32 | Queue | Villager (Male) |
| 16:32 | Queue | Villager (Male) |
| 16:36 | Queue | Archer |
| 17:01 | Queue | Villager (Male) |
| 17:13 | Queue | Villager (Male) |
| 17:14 | Queue | Archer |
| 17:33 | Build | Blacksmith |
| 18:06 | Build | Farm |
| 18:09 | Build | Farm |
| 18:36 | Queue | Villager (Male) |
| 18:36 | Queue | Villager (Male) |
| 18:51 | Build | House |
| 18:53 | Research | Fletching |
| 19:00 | Queue | Villager (Male) |
| 19:02 | Research | Gold Mining |
| 19:08 | Build | Farm |
| 19:12 | Build | Farm |
| 19:18 | Build | House |
| 19:31 | Build | Palisade Gate |
| 19:36 | Queue | Villager (Male) |
| 19:48 | Queue | Villager (Male) |
| 20:01 | Build | Farm |
| 20:02 | Build | Farm |
| 20:03 | Build | Farm |
| 20:45 | Research | Wheelbarrow |
| 20:57 | Research | Castle Age |
| 20:57 | Research | Castle Age |
| 21:21 | Queue | Villager (Male) |
| 22:18 | Queue | Villager (Male) |
| 22:28 | Research | Forging |
| 23:15 | Build | Mill |
| 23:28 | Build | Outpost |
| 23:37 | Build | Outpost |
| 23:37 | Age | Castle Age |
| 23:41 | Research | Husbandry |
| 23:45 | Research | Iron Casting |
| 23:52 | Build | Stable |
| 23:59 | Build | Siege Workshop |
| 24:05 | Queue | Villager (Male) |
| 24:05 | Queue | Villager (Male) |
| 24:19 | Build | Market |
| 24:26 | Build | Stable |
| 24:30 | Queue | Knight |
| 24:30 | Queue | Knight |
| 24:32 | Queue | Knight |
| 24:33 | Queue | Knight |
| 24:39 | Queue | Villager (Male) |
| 24:51 | Queue | Battering Ram |
| 25:17 | Queue | Knight |
| 25:19 | Queue | Knight |
| 25:19 | Queue | Knight |
| 25:40 | Build | Town Center |
| 25:43 | Queue | Villager (Male) |
| 25:43 | Queue | Villager (Male) |
| 26:32 | Queue | Knight |
| 26:33 | Queue | Knight |
| 26:49 | Queue | Villager (Male) |
| 26:49 | Queue | Villager (Male) |
| 26:51 | Queue | Villager (Male) |
| 27:26 | Queue | Battering Ram |
| 27:42 | Research | Scale Barding Armor |
| 27:45 | Queue | Knight |
| 27:50 | Queue | Knight |
| 27:50 | Queue | Knight |
| 28:10 | Queue | Villager (Male) |
| 28:14 | Build | House |
| 28:16 | Build | House |
| 28:25 | Queue | Knight |
| 28:46 | Build | Farm |
| 28:46 | Build | Farm |
| 28:47 | Build | Farm |
| 28:47 | Build | Farm |
| 28:52 | Build | Farm |
| 28:53 | Queue | Villager (Male) |
Build order — drmmayans
First 150 of 330 actions detected
| 0:00 | Queue | Villager (Male) |
| 0:01 | Queue | Villager (Male) |
| 0:01 | Queue | Villager (Male) |
| 0:02 | Build | House |
| 0:04 | Build | House |
| 1:01 | Queue | Villager (Male) |
| 1:29 | Queue | Villager (Male) |
| 2:06 | Queue | Villager (Male) |
| 2:44 | Queue | Villager (Male) |
| 3:04 | Queue | Villager (Male) |
| 3:04 | Queue | Villager (Male) |
| 3:14 | Build | Lumber Camp |
| 3:51 | Build | House |
| 4:00 | Queue | Villager (Male) |
| 4:00 | Queue | Villager (Male) |
| 4:01 | Queue | Villager (Male) |
| 4:01 | Queue | Villager (Male) |
| 4:26 | Queue | Villager (Male) |
| 4:27 | Queue | Villager (Male) |
| 4:44 | Queue | Villager (Male) |
| 5:45 | Build | House |
| 6:08 | Build | Mill |
| 6:14 | Queue | Villager (Male) |
| 6:14 | Queue | Villager (Male) |
| 6:27 | Queue | Villager (Male) |
| 6:44 | Queue | Villager (Male) |
| 6:44 | Queue | Villager (Male) |
| 7:26 | Build | Mill |
| 7:30 | Research | Loom |
| 7:56 | Research | Feudal Age |
| 8:21 | Build | Mining Camp |
| 10:16 | Build | Donjon |
| 10:18 | Queue | Villager (Male) |
| 10:20 | Age | Feudal Age |
| 10:22 | Research | Double-Bit Axe |
| 10:25 | Build | Farm |
| 10:26 | Build | Farm |
| 10:33 | Queue | Villager (Male) |
| 10:56 | Queue | Villager (Male) |
| 11:04 | Build | Mining Camp |
| 11:12 | Queue | Villager (Male) |
| 11:12 | Queue | Villager (Male) |
| 11:17 | Queue | Serjeant |
| 11:20 | Build | House |
| 11:24 | Queue | Spearman |
| 11:24 | Queue | Spearman |
| 11:46 | Build | Farm |
| 11:54 | Build | House |
| 12:05 | Build | Donjon |
| 12:24 | Queue | Serjeant |
| 12:54 | Build | Mining Camp |
| 12:59 | Queue | Spearman |
| 13:02 | Queue | Villager (Male) |
| 13:02 | Queue | Villager (Male) |
| 13:22 | Research | Gold Mining |
| 13:37 | Queue | Villager (Male) |
| 13:57 | Queue | Serjeant |
| 13:58 | Queue | Villager (Male) |
| 14:38 | Build | House |
| 14:42 | Build | House |
| 14:54 | Queue | Villager (Male) |
| 14:54 | Queue | Villager (Male) |
| 15:08 | Queue | Villager (Male) |
| 15:15 | Queue | Villager (Male) |
| 15:35 | Queue | Villager (Male) |
| 15:41 | Queue | Spearman |
| 15:49 | Build | House |
| 16:02 | Queue | Villager (Male) |
| 16:02 | Queue | Villager (Male) |
| 16:04 | Build | House |
| 16:07 | Build | House |
| 16:27 | Build | Farm |
| 16:27 | Build | Farm |
| 16:27 | Build | Farm |
| 16:28 | Build | Farm |
| 16:32 | Queue | Villager (Male) |
| 17:02 | Queue | Villager (Male) |
| 17:08 | Build | Farm |
| 17:09 | Build | Farm |
| 17:21 | Queue | Villager (Male) |
| 17:27 | Build | Market |
| 18:06 | Queue | Villager (Male) |
| 18:08 | Build | House |
| 19:03 | Build | Blacksmith |
| 19:12 | Build | Farm |
| 19:34 | Build | Farm |
| 19:39 | Research | Castle Age |
| 21:09 | Queue | Spearman |
| 21:09 | Queue | Spearman |
| 21:18 | Research | Fletching |
| 21:30 | Build | Lumber Camp |
| 21:42 | Build | House |
| 21:45 | Build | House |
| 22:19 | Age | Castle Age |
| 22:26 | Build | Castle |
| 23:01 | Build | Town Center |
| 23:03 | Queue | Villager (Male) |
| 23:03 | Queue | Villager (Male) |
| 23:11 | Build | Lumber Camp |
| 23:15 | Queue | Villager (Male) |
| 23:16 | Queue | Villager (Male) |
| 23:46 | Queue | Villager (Male) |
| 23:47 | Queue | Villager (Male) |
| 23:58 | Build | Lumber Camp |
| 24:27 | Queue | Villager (Male) |
| 24:30 | Queue | Villager (Male) |
| 24:36 | Research | Horse Collar |
| 24:37 | Queue | Villager (Male) |
| 24:38 | Queue | Villager (Male) |
| 24:53 | Build | Barracks |
| 24:57 | Queue | Villager (Male) |
| 24:58 | Queue | Villager (Male) |
| 24:58 | Queue | Villager (Male) |
| 25:04 | Build | Farm |
| 25:04 | Build | Farm |
| 25:16 | Build | Farm |
| 25:17 | Build | Farm |
| 25:17 | Build | Farm |
| 25:17 | Build | Farm |
| 25:20 | Queue | Villager (Male) |
| 25:39 | Research | Gambesons |
| 26:00 | Queue | Villager (Male) |
| 26:01 | Queue | Villager (Male) |
| 26:23 | Build | Farm |
| 26:23 | Build | Farm |
| 26:33 | Research | Wheelbarrow |
| 26:41 | Queue | Spearman |
| 26:41 | Queue | Spearman |
| 26:51 | Build | Barracks |
| 27:04 | Research | Scale Mail Armor |
| 27:10 | Queue | Spearman |
| 27:26 | Build | Monastery |
| 27:31 | Build | House |
| 28:19 | Build | House |
| 28:25 | Build | House |
| 28:30 | Queue | Villager (Male) |
| 28:30 | Queue | Villager (Male) |
| 28:44 | Queue | Spearman |
| 28:44 | Queue | Spearman |
| 28:56 | Build | Town Center |
| 29:00 | Queue | Monk |
| 29:52 | Queue | Spearman |
| 29:53 | Queue | Spearman |
| 29:53 | Queue | Spearman |
| 30:04 | Build | Farm |
| 30:05 | Build | Farm |
| 30:05 | Build | Farm |
| 30:29 | Queue | Villager (Male) |
| 31:00 | Build | Farm |
| 31:00 | Build | Farm |
Match timeline
| 7:07 | MrSaten · wall_segment Palisade Wall x4 |
| 8:00 | MrSaten · first_building Barracks |
| 8:03 | MrSaten · wall_segment Palisade Wall x1 |
| 9:56 | MrSaten · age_up feudal |
| 10:06 | MrSaten · first_building Stable |
| 10:16 | drmmayans · first_building Donjon |
| 10:20 | drmmayans · age_up feudal |
| 11:41 | MrSaten · wall_segment Palisade Wall x1 |
| 13:09 | MrSaten · wall_segment Palisade Wall x1 |
| 14:52 | MrSaten · first_building Archery Range |
| 15:31 | MrSaten · wall_segment Palisade Wall x2 |
| 15:34 | MrSaten · wall_segment Palisade Wall x9 |
| 19:16 | drmmayans · first_market_sell 100 stone |
| 19:19 | drmmayans · first_market_buy 100 food |
| 22:19 | drmmayans · age_up castle |
| 22:26 | drmmayans · first_building Castle |
| 23:37 | MrSaten · age_up castle |
| 23:59 | MrSaten · first_building Siege Workshop |
| 24:53 | drmmayans · first_building Barracks |
| 25:26 | MrSaten · first_market_sell 100 food |
| 25:28 | MrSaten · first_market_buy 100 wood |
| 27:26 | drmmayans · first_building Monastery |
| 33:11 | MrSaten · first_building Monastery |
| 38:56 | MrSaten · wall_segment Stone Wall x9 |
| 41:07 | MrSaten · wall_segment Stone Wall x7 |
| 42:37 | MrSaten · first_building Castle |
| 43:28 | MrSaten · wall_segment Stone Wall x4 |
| 45:32 | drmmayans · first_building Archery Range |
| 46:01 | drmmayans · first_building Siege Workshop |
| 46:17 | drmmayans · age_up imperial |
| 47:21 | MrSaten · age_up imperial |
| 48:27 | drmmayans · first_building Stable |
| 52:39 | drmmayans · resign |
[ AI ANALYSIS · 1 CREDIT ]
What really happened in this match?
Wolo.gg analyzes every decision: build order, eco, micro, common mistakes by bracket. Personalized analysis on WhatsApp or Discord in 30 seconds.
Civ guide
Franks
Perfil
Jugador #289258